 Dungeon Crawl Stone Soup version 0.30-a0-476-g330ca2eb8e (console) character file.

Game seed: 14389716956963943775

254864 Abuh the Slayer (level 19, -2/180 HPs)
             Began as a Minotaur Berserker on Dec 20, 2022.
             Was the Champion of Trog.
             Engulfed by a cloud of foul pestilence (10 damage)
             ... on level 3 of the Abyss on Dec 21, 2022.
             The game lasted 03:39:37 (39712 turns).

Abuh the Slayer (Minotaur Berserker)               Turns: 39712, Time: 03:39:37

Health: -2/180     AC: 33    Str: 30    XL:     19   Next: 3%
Magic:  14/14      EV: 12    Int:  4    God:    Trog [******]
Gold:   1563       SH: 25    Dex: 10    Spells: 18/18 levels left

rFire   + . .      SeeInvis .    J - +7 broad axe (flame)
rCold   x . .      Faith    .    w - +0 tower shield
rNeg    + . .      Spirit   .    d - +2 plate armour of the Vaults {Rampage rElec rC- rN+}
rPois   .          Reflect  +    U - +0 hat {Will+}
rElec   +          Harm     .    k - +2 cloak
rCorr   .          Rampage  +    s - +2 pair of gloves
Will    ++...                    y - +0 pair of boots
Stlth   ..........               l - amulet of reflection
HPRegen 0.00/turn                M - +4 ring of protection
MPRegen 0.14/turn                r - +4 ring of evasion

@: lethally poisoned (-2 -> -60), sick, slowed, very slow
A: horns 2, retaliatory headbutt, fire resistance 1, (teleportitis 1),
[deterioration 1], [frail 1], [low MP 2], [screaming 1], [subdued magic 1]
}: 2/15 runes: barnacled, gossamer
a: Renounce Religion, Berserk, Trog's Hand, Brothers in Arms


You were on level 3 of the Abyss.
You worshipped Trog.
Trog was exalted by your worship.
You visited 7 branches of the dungeon, and saw 30 of its levels.
You visited the Abyss 1 time.

You collected 2937 gold pieces.
You spent 1374 gold pieces at shops.

Inventory:

Hand Weapons
 c - a +3 antimagic broad axe
 u - a +5 battleaxe of electrocution
 z - a +4 executioner's axe of flaming
 J - a +7 broad axe of flaming (weapon)
 S - a +4 vorpal war axe
Missiles
 v - 5 throwing nets (quivered)
Armour
 d - the +2 plate armour of the Vaults (worn) {Rampage rElec rC- rN+}
   (You bought it in a shop on level 2 of the Orcish Mines)

   rC:        It makes you vulnerable to cold.
   rElec:     It insulates you from electricity.
   rN:        It protects you from negative energy.
   Rampage:   It bestows one free step when moving towards enemies.
 k - a +2 cloak (worn)
 s - a +2 pair of gloves (worn)
 w - a +0 tower shield (worn)
 y - a +0 pair of boots (worn)
 C - a +2 plate armour of cold resistance
 U - a +0 hat of willpower (worn)
 W - a +2 pair of gloves of hurling
Jewellery
 a - an amulet of regeneration
 e - a ring of protection from fire
 f - a ring of resist corrosion
 g - a ring of willpower
 j - an amulet of faith {!R !P}
 l - an amulet of reflection (around neck)
 m - a ring of flight
 p - an amulet of magic regeneration
 r - a +4 ring of evasion (right hand)
 x - a +6 ring of dexterity
 B - an amulet of guardian spirit
 M - a +4 ring of protection (left hand)
 N - a ring of protection from cold
 Y - a ring of willpower
 Z - an amulet of the acrobat
Wands
 b - a wand of digging (3)
 h - a wand of roots (37)
 o - a wand of acid (6)
 E - a wand of paralysis (6)
 F - a wand of flame (27)
 G - a wand of polymorph (8)
Scrolls
 i - 7 scrolls of teleportation
 n - 26 scrolls of identify
 q - 7 scrolls of fog
 D - 3 scrolls of magic mapping
 I - a scroll of fear
 P - 4 scrolls of enchant armour
 Q - a scroll of blinking
 R - a scroll of summoning
 X - 2 scrolls of brand weapon {unknown}
Potions
 t - 3 potions of magic
 A - 7 potions of ambrosia
 H - 5 potions of curing
 K - a potion of might
 L - a potion of resistance
 O - a potion of berserk rage


   Skills:
 + Level 24.9 Fighting
 - Level 20.0 Axes
 + Level 18.0 Armour
 - Level 2.1 Dodging
 + Level 20.2 Shields


You had 18 spell levels left.
You didn't know any spells.
Your spell library was empty.

Dungeon Overview and Level Annotations

Branches:
Dungeon (11/15)            Temple (1/1) D:4            Lair (5/5) D:10
 Shoals (4/4) Lair:3       Spider (4/4) Lair:2        Slime (0/5) Lair:4
    Orc (2/2) D:9             Elf (3/3) Orc:2

Altars:
Ashenzari
Cheibriados
Dithmenos
Elyvilon
Fedhas
Gozag
Hepliaklqana
Kikubaaqudgha
Makhleb
Nemelex Xobeh
Okawaru
Qazlal
Ru
Sif Muna
Trog
Uskayaw
Vehumet
Wu Jian
Xom
Yredelemnul
Zin
The Shining One
Jiyva
Lugonu

Shops:
D:1 =   Orc:2 [*[[   Elf:1 *   Shoals:2 (

Portals:
Abyss: Lair:5


Innate Abilities, Weirdness & Mutations

You have a pair of horns on your head.
You reflexively headbutt those who attack you in melee.
Your flesh is heat resistant. (rF+)
((You are occasionally teleported next to monsters.))
[Your body sometimes deteriorates upon taking damage.]
[You are frail. (-10% HP)]
[Your magical capacity is very low. (-20% MP)]
[You occasionally shout uncontrollably at your foes.]
[Your spells are a little easier to cast, but a little less powerful.]


Message History

You block the large abomination's attack.
A hell hog comes into view.
The hell hog squeals angrily.
You hit the large abomination. You burn the large abomination.
You destroy the large abomination!
Trog accepts your kill.
You completely miss the death drake. You block the death drake's attack.
You slice the death drake!! You burn the death drake!
Your headbutt misses the death drake.
The death drake is heavily wounded.
You hear an angry squeal.
The death drake barely misses you. You furiously retaliate!
You headbutt the death drake.
A hell hog comes into view. x2
The hell hog squeals angrily.
You slash the death drake! You burn the death drake.
Your headbutt misses the death drake.
The death drake is severely wounded.
The death drake breathes miasma at you.
The foul vapour engulfs you but does no damage.
You cut the death drake into ribbons!!! You burn the death drake.
You kill the death drake!
Trog accepts your kill.
You are engulfed in dark miasma.
You are poisoned.
You feel yourself slow down.
* * * LOW HITPOINT WARNING * * *
You feel very sick.
A hell hog comes into view.
You barely miss the ancient zyme. You slash the tentacled starspawn!
You burn the tentacled starspawn.
You are engulfed in dark miasma.
You are lethally poisoned!
* * * LOW HITPOINT WARNING * * *
x2 You feel extremely sick.
You block the ancient zyme's attack.
The ancient zyme hits you but does no damage.
You feel ill.
A tentacle flies out from the starspawn's body!
A starspawn tentacle comes into view.
You slice the ancient zyme!! You burn the ancient zyme!
The ancient zyme is almost destroyed.
You slash the tentacled starspawn! You burn the tentacled starspawn.
You are engulfed in dark miasma.
You are more poisoned.
You die...

# #φ#
##.†#X)#####
.).† ##@#
⌠)⌠#°wX#x#
###h###°# .
#h* # °.#
#.h.# ..#
##.# #†# .h
. .. . .. #⌠
.# #†# †


You could see a tentacled starspawn, 4 hell hogs, an ancient zyme, a starspawn
tentacle and a lurking horror.

Vanquished Creatures
  Nikola (Spider:4)
  Arachne (Spider:4)
  Jorgrun (Shoals:1)
  Asterion (Elf:1)
  A deep elf master archer (Elf:3)
  2 deep elf blademasters
  A kraken (Shoals:4)
  Frances (Shoals:1)
  The ghost of LetschGu the Fighter, an adept DjHs of the Shining One (Elf:2)
  2 deep elf sorcerers (Elf:3)
  A frost giant (Shoals:4)
  4 ghost moths
  Louise (Spider:4)
  2 emperor scorpions (Spider:4)
  2 orc warlords
  A broodmother (Spider:3)
  3 very ugly things (Abyss:3)
  2 deep elf demonologists
  3 spark wasps
  5 merfolk javelineers
  9 merfolk impalers
  The ghost of Rielu the Fighter, a journeyman AtFi of Qazlal (Lair:1)
  A deep elf high priest (Elf:3)
  3 entropy weavers
  4 radroaches
  9 hydras
  A rakshasa (D:11)
  A jorogumo (Spider:2)
  2 merfolk avatars
  3 ogre magi
  20 dancing weapons
  2 satyrs (Shoals:4)
  3 merfolk aquamancers
  An alligator snapping turtle (Shoals:3)
  16 two-headed ogres
  5 boulder beetles
  14 death yaks
  5 thrashing horrors
  4 orc high priests
  19 deep elf knights
  Amaemon (Lair:2)
  3 wretched stars (Abyss:3)
  7 pharaoh ants
  2 sun moths
  A skeletal warrior (D:11)
  A death drake (Abyss:3)
  11 sea snakes
  8 orb spiders
  4 steelbarb worms
  A wizard (D:11)
  Pikel (D:4)
  A lindwurm (Orc:1)
  14 deep elf archers
  22 harpies
  10 orc sorcerers
  21 deep elf zephyrmancers
  5 orc knights (Orc:2)
  2 ugly things (D:11)
  26 deep elf pyromancers
  A manticore (shapeshifter) (Elf:1)
  33 wolf spiders
  6 fauns (Shoals:1)
  8 manticores
  2 cyclopes
  A moth of wrath (Spider:4)
  9 water nymphs
  9 merfolk sirens
  8 cane toads
  4 elephants (Lair:5)
  3 black mambas
  3 torpor snails
  2 smoke demons (Lair:5)
  A gargoyle (D:10)
  6 demonic crawlers
  An orange demon (Lair:2)
  9 komodo dragons
  3 rime drakes
  Maggie (D:6)
  A kobold demonologist (D:11)
  3 unseen horrors
  2 efreet (D:11)
  2 polar bears (Lair:5)
  4 ancient zymes
  23 merfolk
  5 trolls
  8 meliai
  A queen bee (Abyss:3)
  28 tarantellas
  7 hornets
  7 snapping turtles
  4 wind drakes (Shoals:4)
  3 dream sheep (Shoals:3)
  A harpy skeleton (Abyss:3)
  Sigmund (D:6)
  25 blink frogs
  An air elemental (Elf:1)
  44 yaks
  3 ynoxinuls (Lair:5)
  21 jumping spiders
  9 water elementals
  3 shadows (D:11)
  A spriggan (Lair:5)
  5 wyverns
  22 culicivoras
  3 wraiths
  2 steam dragons
  10 basilisks
  33 redbacks
  A chaos spawn (Lair:5)
  2 fire elementals (Elf:1)
  2 wargs (Orc:2)
  4 large abominations
  3 vampire mosquitoes (D:11)
  An acid dragon (D:11)
  16 water moccasins
  30 orc warriors
  A sky beast (D:7)
  3 black bears
  A black bear (shapeshifter) (Lair:5)
  8 ogres
  5 centaurs
  22 wolves
  2 phantoms (D:6)
  3 kobold brigands
  10 bullfrogs
  A necrophage (D:3)
  4 gnoll sergeants
  3 scorpions
  5 wights
  14 small abominations (Lair:5)
  3 killer bees (D:10)
  11 howler monkeys
  3 electric eels
  A jelly (D:5)
  A hound (D:5)
  21 orc priests
  3 iguanas
  23 orc wizards
  9 hell rats
  17 gnolls
  6 adders
  4 shadow imps
  4 ufetubi
  2 worms
  3 dart slugs
  79 orcs
  8 bats
  10 endoplasms
  2 giant cockroaches (D:4)
  9 goblins
  10 hobgoblins
  5 jackals
  22 kobolds
  2 quokkas
  9 ball pythons
  2 frilled lizards
  11 rats
  3 tentacles (Shoals:4)
1116 creatures vanquished.

Vanquished Creatures (others)
  2 deep elf knights
  A wolf spider (Spider:4)
  A manticore (D:11)
  A water nymph (Shoals:1)
  An unseen horror (D:11)
  A vampire (D:11)
  A culicivora (Spider:4)
  2 redbacks (Spider:4)
  An orc priest (Orc:2)
  An orc wizard (Orc:2)
  16 fungi
  201 plants
  5 tentacles (Shoals:4)
234 creatures vanquished.

Grand Total: 1350 creatures vanquished

Notes
Turn   | Place    | Note
-------+----------+-------------------------------------------
     0 | D:1      | Abuh the Minotaur Berserker began the quest for the Orb.
     0 | D:1      | Reached XP level 1. HP: 19/19 MP: 0/0
   146 | D:1      | Reached skill level 4 in Fighting
   148 | D:1      | Reached XP level 2. HP: 22/27 MP: 1/1
   442 | D:1      | Found Liobec's Jewellery Boutique.
   488 | D:1      | Reached XP level 3. HP: 34/34 MP: 2/2
   741 | D:2      | Found a faded altar of an unknown god.
   829 | D:2      | Reached ** piety under Trog
  1329 | D:2      | Reached XP level 4. HP: 38/41 MP: 3/3
  1522 | D:3      | Reached skill level 5 in Fighting
  1522 | D:3      | Reached skill level 5 in Axes
  1747 | D:3      | Noticed a necrophage
  1755 | D:3      | Killed a necrophage
  1756 | D:3      | Reached XP level 5. HP: 44/50 MP: 4/4
  2347 | D:4      | Reached *** piety under Trog
  2348 | D:4      | Reached skill level 6 in Fighting
  2424 | D:4      | Reached XP level 6. HP: 57/58 MP: 5/5
  2879 | D:4      | Noticed Pikel
  2893 | D:4      | Killed Pikel
  2894 | D:4      | Reached skill level 7 in Fighting
  2894 | D:4      | Reached XP level 7. HP: 66/66 MP: 6/6
  3674 | D:4      | Found a staircase to the Ecumenical Temple.
  3690 | Temple   | Entered the Ecumenical Temple
  4015 | D:5      | Entered Level 5 of the Dungeon
  4754 | D:5      | Reached XP level 8. HP: 64/73 MP: 7/7
  5177 | D:6      | Noticed Sigmund
  5186 | D:6      | Killed Sigmund
  5187 | D:6      | Reached skill level 10 in Axes
  5328 | D:6      | Identified the +2 scale mail "Voxoasut" {Contam rC+ Will++
                  | MP-9}
  5331 | D:6      | Noticed Maggie
  5363 | D:6      | Killed Maggie
  5915 | D:7      | Reached XP level 9. HP: 70/79 MP: 8/8
  6162 | D:7      | Found a hazy altar of Hepliaklqana.
  6163 | D:7      | Found a shadowy altar of Dithmenos.
  6163 | D:7      | You fall into a shaft and drop 3 floors!
  6163 | D:10     | Entered Level 10 of the Dungeon
  6211 | D:9      | Reached **** piety under Trog
  6255 | D:9      | Noticed a two-headed ogre
  6268 | D:10     | Killed a two-headed ogre
  6269 | D:10     | Reached skill level 15 in Axes
  6437 | D:9      | Reached XP level 10. HP: 77/86 MP: 9/9
  6565 | D:9      | Reached skill level 1 in Shields
  6719 | D:8      | Reached skill level 5 in Armour
  6740 | D:8      | Reached skill level 8 in Fighting
  6999 | D:8      | Reached ***** piety under Trog
  7235 | D:7      | Found a stormy altar of Qazlal.
  7236 | D:7      | Found a shimmering altar of Xom.
  7237 | D:7      | Found a broken altar of Ashenzari.
  7560 | D:7      | Found a basalt altar of Yredelemnul.
  7560 | D:7      | Found a sacrificial altar of Ru.
  7561 | D:7      | Found a glowing golden altar of the Shining One.
  8667 | D:9      | Reached skill level 5 in Shields
  8723 | D:9      | Found Fuq Gaoxtu's Magic Scroll Shop.
  8846 | D:9      | Found a staircase to the Orcish Mines.
  8851 | D:9      | Reached skill level 9 in Fighting
  9142 | D:10     | Found a staircase to the Lair.
  9592 | D:10     | Reached XP level 11. HP: 88/97 MP: 10/10
  9798 | D:10     | Identified the +4 rapier of Lust {vamp, *Rage Will+ rCorr
                  | Str+4}
 10806 | D:11     | Reached skill level 10 in Fighting
 10854 | D:11     | Noticed an ogre mage
 10854 | D:11     | Noticed a two-headed ogre
 10854 | D:11     | Noticed a two-headed ogre
 10854 | D:11     | Noticed a two-headed ogre
 10854 | D:11     | Noticed a two-headed ogre
 10866 | D:11     | Killed a two-headed ogre
 10870 | D:11     | Killed an ogre mage
 10870 | D:11     | Received a gift from Trog
 10873 | D:11     | Killed a two-headed ogre
 10882 | D:11     | Killed a two-headed ogre
 10917 | D:11     | Killed a two-headed ogre
 11170 | D:11     | Reached skill level 11 in Fighting
 11178 | D:11     | Noticed a boulder beetle
 11254 | D:11     | Killed a boulder beetle
 11455 | D:11     | Reached skill level 10 in Armour
 11461 | D:11     | Noticed a two-headed ogre
 11489 | D:11     | Killed a two-headed ogre
 11490 | D:11     | Reached XP level 12. HP: 111/111 MP: 11/11
 11749 | D:11     | Noticed a two-headed ogre
 11754 | D:11     | Noticed a boulder beetle
 11756 | D:11     | Killed a two-headed ogre
 11757 | D:11     | Reached skill level 12 in Fighting
 11780 | D:11     | Killed a boulder beetle
 11874 | D:11     | Reached skill level 10 in Shields
 12209 | D:11     | Paralysed by a gnoll sergeant for 4 turns
 12215 | D:11     | Paralysed by a gnoll sergeant for 5 turns
 12245 | D:11     | Noticed a two-headed ogre
 12255 | D:11     | Killed a two-headed ogre
 12326 | D:11     | Noticed an orc warlord
 12355 | D:11     | Killed an orc warlord
 12902 | D:11     | Reached skill level 13 in Fighting
 13081 | D:11     | Noticed a boulder beetle
 13090 | D:11     | Killed a boulder beetle
 13206 | D:11     | Noticed an ogre mage
 13207 | D:11     | Paralysed by an ogre mage for 4 turns
 13215 | D:11     | Killed an ogre mage
 13297 | D:11     | Noticed a two-headed ogre
 13365 | D:11     | Received a gift from Trog
 13422 | D:11     | Noticed a two-headed ogre
 13434 | D:11     | Killed a two-headed ogre
 13435 | D:11     | Reached skill level 14 in Fighting
 13478 | D:11     | Killed a two-headed ogre
 13479 | D:11     | Reached XP level 13. HP: 105/124 MP: 12/12
 14126 | Orc:1    | Entered Level 1 of the Orcish Mines
 14774 | Orc:1    | Found a dark tunnel.
 14847 | Orc:1    | Upgraded the game from 0.30-a0-474-g5673dd7ce6 to
                  | 0.30-a0-476-g330ca2eb8e
 14864 | Orc:2    | Entered Level 2 of the Orcish Mines
 15066 | Orc:1    | Reached skill level 15 in Fighting
 15522 | Orc:2    | Found Munot's Armour Shop.
 15661 | Orc:2    | Noticed an orc warlord
 15684 | Orc:2    | Killed an orc warlord
 15966 | Orc:2    | Found a staircase to the Elven Halls.
 16065 | Orc:2    | Received a gift from Trog
 16310 | Orc:2    | Reached skill level 16 in Fighting
 16756 | Orc:2    | Found Vosafoq's Magic Scroll Boutique.
 16756 | Orc:2    | Found Uwka's Antique Armour Boutique.
 16757 | Orc:2    | Found Xuatirchu's Armour Shoppe.
 16757 | Orc:2    | Found Qoysoff's Assorted Antiques.
 17135 | Orc:2    | Bought a lumpy platinum amulet for 160 gold pieces
 17147 | Orc:2    | Bought the +2 plate armour of the Vaults {Rampage rElec rC-
                  | rN+} for 574 gold pieces
 17165 | Orc:2    | Bought a ring of magical power for 640 gold pieces
 17304 | Lair:1   | Entered Level 1 of the Lair of Beasts
 17335 | Lair:1   | Found a runed translucent door.
 17343 | Lair:1   | Reached XP level 14. HP: 128/136 MP: 13/13
 17941 | Lair:1   | You fall into a shaft and drop 1 floor!
 17946 | Lair:2   | Noticed Amaemon
 17954 | Lair:2   | Reached skill level 17 in Fighting
 17970 | Lair:2   | Killed Amaemon
 17970 | Lair:2   | Received a gift from Trog
 18434 | Lair:2   | Found a hole to the Spider Nest.
 19273 | Lair:1   | Noticed Rielu's ghost (journeyman AtFi)
 19370 | Lair:1   | Killed Rielu's ghost
 19465 | Lair:2   | Gained mutation: Your flesh is heat resistant. (rF+)
                  | [potion of mutation]
 19465 | Lair:2   | Gained mutation: You are occasionally teleported next to
                  | monsters. [potion of mutation]
 20355 | Lair:3   | Reached skill level 18 in Fighting
 20610 | Lair:3   | Found a staircase to the Shoals.
 21436 | Lair:4   | Found a viscous altar of Jiyva.
 21436 | Lair:4   | Found a staircase to the Slime Pits.
 22018 | Lair:5   | Entered Level 5 of the Lair of Beasts
 22264 | Lair:5   | Reached XP level 15. HP: 151/151 MP: 14/14
 22266 | Lair:5   | Received a gift from Trog
 22276 | Lair:5   | Reached skill level 19 in Fighting
 24212 | Lair:5   | Found a corrupted altar of Lugonu.
 24212 | Lair:5   | Found a one-way gate to the infinite horrors of the Abyss.
 24333 | Shoals:1 | Entered Level 1 of the Shoals
 24395 | Shoals:1 | Noticed Jorgrun
 24413 | Shoals:1 | Killed Jorgrun
 24413 | Shoals:1 | Reached ****** piety under Trog
 24434 | Shoals:1 | Received a gift from Trog
 24435 | Shoals:1 | Reached skill level 20 in Fighting
 25868 | Shoals:1 | Noticed Frances
 25885 | Shoals:1 | Killed Frances
 26742 | Shoals:2 | Reached XP level 16. HP: 102/165 MP: 15/15
 26880 | Shoals:2 | Received a gift from Trog
 26898 | Shoals:2 | Found Wuweabenk's Firing Range.
 26967 | Shoals:3 | Reached skill level 21 in Fighting
 27479 | Shoals:4 | Entered Level 4 of the Shoals
 27733 | Shoals:4 | Noticed a kraken
 27749 | Shoals:4 | Killed a kraken
 27759 | Shoals:4 | Reached skill level 15 in Shields
 29159 | Shoals:4 | Reached skill level 22 in Fighting
 29907 | Shoals:4 | Got a barnacled rune of Zot
 30118 | Spider:1 | Entered Level 1 of the Spider Nest
 30404 | Spider:1 | Received a gift from Trog
 31329 | Spider:2 | Reached XP level 17. HP: 110/178 MP: 16/16
 32943 | Spider:3 | Reached skill level 23 in Fighting
 33192 | Spider:3 | Received a gift from Trog
 33549 | Spider:4 | Entered Level 4 of the Spider Nest
 33552 | Spider:4 | Noticed Nikola
 33561 | Spider:4 | Killed Nikola
 33562 | Spider:4 | Reached skill level 15 in Armour
 34270 | Spider:4 | Noticed Arachne
 34372 | Spider:4 | Killed Arachne
 34472 | Spider:4 | Noticed Louise
 34815 | Spider:4 | Killed Louise
 35355 | Spider:4 | Paralysed by a hornet for 1 turns
 35448 | Spider:4 | Got a gossamer rune of Zot
 35743 | Elf:1    | Entered Level 1 of the Elven Halls
 35802 | Elf:1    | Reached XP level 18. HP: 190/190 MP: 17/17
 36071 | Elf:1    | Received a gift from Trog
 36116 | Elf:1    | Noticed Asterion
 36130 | Elf:1    | Killed Asterion
 36537 | Elf:1    | Reached skill level 24 in Fighting
 36936 | Elf:1    | Found Nawuj's General Store.
 37281 | Elf:1    | Received a gift from Trog
 38159 | Elf:2    | Found a runed translucent gate.
 38159 | Elf:2    | Found a runed translucent gate.
 38159 | Elf:2    | Found a runed translucent gate.
 38239 | Elf:2    | Found a runed translucent door.
 38239 | Elf:2    | Noticed LetschGu's ghost (adept DjHs)
 39088 | Elf:2    | Killed LetschGu's ghost
 39152 | Elf:3    | Entered Level 3 of the Elven Halls
 39370 | Elf:3    | Received a gift from Trog
 39581 | Elf:3    | Noticed an Ice Fiend
 39587 | Abyss:3  | Cast into level 3 of the Abyss (a deep elf demonologist)
 39616 | Abyss:3  | Reached XP level 19. HP: 30/180 MP: 11/14
 39711 | Abyss:3  | HP: 8/180 [poison (dark miasma)]
 39712 | Abyss:3  | Engulfed by a cloud of foul pestilence

Illustrated notes

Levels and vault maps discovered:
D:1:      dpeg_arrival_chambers_temple_mockup, layout_rooms, serial_shops, shop
D:2:      layout_basic, ebering_ecumenical_altar_hall,
          kennysheep_generic_room_15
D:3:      layout_basic, kennysheep_generic_room_6
D:4:      layout_loops_corners, minmay_temple_entry_fiery,
          kennysheep_generic_room_13, uniq_pikel
D:5:      layout_loops_corners
D:6:      layout_basic, kennysheep_donut, st_stairs_1, uniq_maggie, uniq_sigmund
D:7:      layout_basic, riverfiend_overflow_shadow_ancestor,
          grunt_temple_overflow_open
D:8:      layout_loops_ring, grunt_decor_resistance
D:9:      layout_cave_pools, david_orc_5, serial_shops, shop
D:10:     layout_grid_maze, minmay_lair_entry_grove
D:11:     nzn_winding_woodlands_huge [nzn_winding_woodlands_5x15_default,
          nzn_winding_woodlands_5x15_sawtooth,
          nzn_winding_woodlands_5x15_default,
          nzn_winding_woodlands_5x15_longhouse,
          nzn_winding_woodlands_5x15_parted, nzn_winding_woodlands_5x15_crooked,
          nzn_winding_woodlands_5x15_garden,
          nzn_winding_woodlands_5x15_split_checker,
          nzn_winding_woodlands_5x15_twine,
          nzn_winding_woodlands_5x15_lazy_stream,
          nzn_winding_woodlands_center_pierced_h,
          nzn_winding_woodlands_center_triple_pond,
          nzn_winding_woodlands_15x15_five_gardens], layout_basic
Temple:   nicolae_temple_superstar
Lair:1:   layout_regular_city, ebering_ghost_reflecting_pool,
          chequers_serial_rivers_large_a
Lair:2:   layout_misc_corridors, nicolae_spider_entry_orb_guardian,
          grunt_megastairs_2, lemuel_fruit_tree, uniq_amaemon
Lair:3:   layout_cave_pods, elwin_shoals_entry_rooms
Lair:4:   layout_roguey, slime_entry_1, serial_bayou_shore_a
Lair:5:   hellmonk_lair_end_abyssal_woods, layout_cellular_growth,
          grunt_megastairs_4, infiniplex_staircase_pool_2
Shoals:1: layout_shoals, uniq_frances, uniq_jorgrun
Shoals:2: layout_shoals, nicolae_shop_firing_range
Shoals:3: layout_shoals, nicolae_shoals_spectral_cove
Shoals:4: shoals_end_grunt_ice, layout_shoals
Spider:1: layout_spider_delve
Spider:2: layout_spider_delve, nicolae_spider_checkerboard
Spider:3: layout_spider_delve, nicolae_spider_twisty_arc_passages
Spider:4: spider_rune_water, nicolae_spider_webbed_stairs, uniq_nikola,
          uniq_arachne, uniq_louise
Orc:1:    layout_caves, nicolae_volcano_entry_vermiform, bh_open_orc_temple,
          uniq_nergalle, uniq_fannar
Orc:2:    st_orc_elflike, layout_diamond_mine, serial_shops,
          nicolae_shop_hallway_plus
Elf:1:    layout_rooms, serial_shops, shop_fountains, minmay_elf_demonology,
          corner_web_ring, uniq_asterion
Elf:2:    elven_hall_of_blades_hangedman_original
          [nicolae_blade_entry_area_security], layout_rooms,
          ebering_ghost_inner_flame, solitary_fountain
Elf:3:    grunt_elf_hall_diamonds, layout_loops_corners, serial_shops,
          bzr_entry_islet, shop
Abyss:3:  base: D:8, grunt_abyss_rune_wretched_hive

Skill      XL: |  1  2  3  4  5  6  7  8  9 10 11 12 13 14 15 16 17 18 |
---------------+-------------------------------------------------------+-----
Fighting       | 4 5 6 7 9 11 14 16 18 20 22 23 24 | 24.9
Axes           | 4 5 6 8 9 12 15 16 17 19 20 | 20.0
Armour         | 3 7 10 11 13 14 16 18 | 18.0
Shields        | 6 9 10 14 16 18 20 | 20.2
Dodging        | |  2.1

Action                   |  1- 3 |  4- 6 |  7- 9 | 10-12 | 13-15 | 16-18 | 19-21 || total
-------------------------+-------+-------+-------+-------+-------+-------+-------++-------
Melee: Hand axe          |   111 |    70 |       |       |       |       |       ||   181
       Headbutt          |    17 |    13 |    38 |   109 |   158 |   235 |     1 ||   571
       War axe           |       |    29 |   172 |   437 |       |       |       ||   638
       Battleaxe         |       |       |       |    65 |   564 |       |       ||   629
       Broad axe         |       |       |       |       |   336 |  1169 |    16 ||  1521
Invok: Berserk           |       |     4 |     4 |    12 |    24 |    24 |       ||    68
       Trog's Hand       |       |       |       |       |     1 |       |       ||     1
  Use: Scroll            |     1 |     3 |     7 |     5 |    10 |     9 |       ||    35
       Potion            |       |     2 |     9 |    10 |    17 |     8 |     1 ||    47
 Stab: Sleeping          |       |       |       |       |       |     1 |       ||     1
Armor: Plate armour      |    74 |    58 |    83 |   239 |   352 |   492 |     2 ||  1300
Dodge: Dodged            |    32 |    47 |    73 |   105 |   308 |   253 |     1 ||   819
Block: Kite shield       |       |       |   102 |    27 |       |       |       ||   129
       Reflection        |       |       |     6 |    12 |    36 |   121 |       ||   175
       Tower shield      |       |       |       |   277 |   375 |  1258 |     9 ||  1919
       Other             |       |       |       |    14 |    93 |       |       ||   107

Table legend: (Time is in decaauts)
 A = Elapsed time spent in this place.
 B = Non-inter-level travel time spent in this place.
 C = Inter-level travel time spent in this place.
 D = Time resting spent in this place.
 E = Time spent auto-exploring this place.
 F = Levels seen in this place.
 G = Mean time per level.
                   A        B        C        D        E       F      G
               +--------+--------+--------+--------+--------+-----+--------+
         Total |  40389 |  38638 |   1751 |  15540 |  15282 |  31 | 1302.9 |
       Dungeon |  14335 |  13571 |    764 |   3981 |   6763 |  11 | 1303.2 |
        Temple |    119 |    114 |      5 |      0 |    100 |   1 |  119.0 |
          Lair |   7200 |   6848 |    352 |   2486 |   3296 |   5 | 1440.0 |
        Shoals |   5984 |   5844 |    140 |   3605 |   1056 |   4 | 1496.0 |
   Spider Nest |   5481 |   5289 |    192 |   2274 |   2042 |   4 | 1370.2 |
  Orcish Mines |   3963 |   3717 |    246 |   1908 |    883 |   2 | 1981.5 |
   Elven Halls |   3197 |   3148 |     49 |   1222 |   1141 |   3 | 1065.7 |
         Abyss |    107 |    107 |      0 |     62 |      0 |   1 |  107.0 |
               +--------+--------+--------+--------+--------+-----+--------+

Top non-repeatable levels by time:
    D:11: 3493 daAuts
   Orc:2: 2922 daAuts
Shoals:4: 2438 daAuts
Shoals:1: 2303 daAuts
  Lair:5: 2158 daAuts
Spider:4: 1980 daAuts
     D:4: 1620 daAuts
  Lair:3: 1603 daAuts
   Elf:1: 1595 daAuts
    D:10: 1588 daAuts
Spider:3: 1241 daAuts
Spider:2: 1232 daAuts
     D:9: 1226 daAuts
  Lair:1: 1198 daAuts
   Elf:2: 1178 daAuts
